 Dungeon Crawl Stone Soup version 0.23-a0-26-g9187234747 (webtiles) character file.

436 Htamos the Ruffian (level 6, -2/61 HPs)
             Began as a Troll Gladiator on Aug 3, 2018.
             Killed by divine providence
             ... invoked by an orc priest
              (11 damage)
             ... on level 4 of the Dungeon.
             The game lasted 00:06:26 (2100 turns).

Htamos the Ruffian (Troll Gladiator)                Turns: 2100, Time: 00:06:27

Health: -2/61      AC:  7    Str: 24    XL:     6   Next: 69%
Magic:  5/5        EV: 11    Int:  4    God:
Gold:   177        SH:  0    Dex: 12    Spells: 5/5 levels left

rFire    . . .     SeeInvis .     - Unarmed
rCold    + . .     Gourm    +   (no shield)
rNeg     . . .     Faith    .   n - +2 robe {rC+}
rPois    .         Spirit   .   b - +0 hat
rElec    .         Reflect  .   (no cloak)
rCorr    +         Harm     .   (gloves unavailable)
MR       .....                  (boots unavailable)
Stlth    +.........             (no amulet)
HPRegen  0.60/turn              o - ring of resist corrosion
MPRegen  0.09/turn              (no ring)

@: no status effects
A: large, unfitting armour, claws 3, fast metabolism 3, gourmand, regeneration
1, shaggy fur 1, tough skin 2
a: no special abilities


You were on level 4 of the Dungeon.
You were completely stuffed.

You visited 1 branch of the dungeon, and saw 4 of its levels.

You collected 177 gold pieces.

Inventory:

Missiles
 c - 3 throwing nets
 j - 27 stones (quivered)
 k - 5 tomahawks
Armour
 a - a +0 robe
 b - a +0 hat (worn)
 n - a +2 robe of cold resistance (worn)
Jewellery
 o - a ring of resist corrosion (left claw)
Wands
 s - a wand of polymorph (7)
Scrolls
 g - a scroll of enchant weapon
 p - a scroll of remove curse
 q - a scroll of fog {unknown}
 r - a scroll of teleportation
Potions
 f - a potion of agility
 i - 2 potions of flight
 l - a potion of curing
 m - a potion of lignification
 t - a potion of cancellation
Comestibles
 d - 12 rations
 h - 2 chunks of flesh


   Skills:
 + Level 3.2 Fighting
 + Level 3.5 Throwing
 + Level 3.8 Dodging
 + Level 4.5 Unarmed Combat


You had 5 spell levels left.
You didn't know any spells.
Your spell library was empty.

Dungeon Overview and Level Annotations

Branches:
Dungeon (4/15)
 Temple: D:4-7

Altars:
Makhleb
Uskayaw
Yredelemnul
The Shining One


Innate Abilities, Weirdness & Mutations

You are too large for most types of armour.
You have claws for hands.
Your metabolism is lightning-fast.
You like to eat raw meat.
Your natural rate of healing is unusually fast.
You are covered in fur. (AC +1)
You have very tough skin. (AC +2)


Message History

The orc priest invokes the aid of Beogh against you.
Beogh smites you!
The orc priest mumbles some strange prayers to Beogh against you.
Beogh smites you!
* * * LOW HITPOINT WARNING * * *
There is an escape hatch in the ceiling here.
You are too injured to fight recklessly!
You are too injured to fight recklessly!
The orc priest calls down the wrath of Beogh upon you.
Beogh smites you!
* * * LOW HITPOINT WARNING * * *
The orc priest mumbles some strange prayers to Beogh against you.
Beogh smites you!
* * * LOW HITPOINT WARNING * * *
There is a stone staircase leading up, spattered with blood here.
Okay, then.
You feel better.
The orc priest invokes the aid of Beogh against you.
Beogh smites you!
You die...

#.........#
#.........#
#..>......#
#.........#
#####....?....#
>...###.o.#### #
#..#.o#..#
#.o.###.#
##..###@.###..#
................
.................
.≈≈≈≈≈≈≈≈≈≈.≈≈..≈.
≈≈≈≈≈≈≈≈≈≈≈≈≈≈≈≈≈≈
≈≈≈≈≈≈≈≈≈≈≈≈≈≈≈≈
≈≈≈≈≈≈≈≈≈≈≈≈####
#############


You could see 2 orc priests and an orc.

Vanquished Creatures
  Sigmund (D:2)
  An orc wizard (D:3)
  Jessica (D:3)
  Natasha (D:3)
  Terence (D:3)
  A worker ant (D:3)
  Robin (D:2)
  6 adders
  A worm (D:3)
  3 dart slugs
  A leopard gecko (D:3)
  4 orcs (D:3)
  2 ball pythons
  7 bats
  4 giant cockroaches
  12 goblins
  12 hobgoblins
  2 jackals (D:2)
  2 quokkas
  5 frilled lizards
  3 kobolds
  5 rats
76 creatures vanquished.

Notes
Turn   | Place    | Note
-------+----------+-------------------------------------------
     0 | D:1      | Htamos the Troll Gladiator began the quest for the Orb.
     0 | D:1      | Reached XP level 1. HP: 19/19 MP: 0/0
   213 | D:1      | Reached XP level 2. HP: 26/28 MP: 1/1
   693 | D:2      | Reached XP level 3. HP: 35/35 MP: 2/2
   696 | D:2      | Noticed Robin
   708 | D:2      | Killed Robin
   897 | D:2      | Reached XP level 4. HP: 41/42 MP: 3/3
   993 | D:2      | Found a glowing golden altar of the Shining One.
  1031 | D:2      | Noticed Sigmund
  1048 | D:2      | Killed Sigmund
  1048 | D:2      | Reached skill level 4 in Unarmed Combat
  1048 | D:2      | Reached XP level 5. HP: 36/52 MP: 4/4
  1515 | D:3      | Reached XP level 6. HP: 59/59 MP: 5/5
  1538 | D:3      | Noticed Terence
  1547 | D:3      | Killed Terence
  1618 | D:3      | Noticed Jessica
  1638 | D:3      | Killed Jessica
  1851 | D:3      | Found a basalt altar of Yredelemnul.
  1860 | D:3      | Found a burning altar of Makhleb.
  1906 | D:3      | Found a hide-covered altar of Uskayaw.
  1913 | D:3      | Noticed Natasha
  1917 | D:3      | Killed Natasha
  2099 | D:4      | HP: 1/61 [orc priest/divine providence (13)]
  2100 | D:4      | Killed from afar by an orc priest

Vault maps used:
D:1:      lightli_arrival_statue_moat
D:2:      old_standard_altar, uniq_robin, uniq_sigmund
D:3:      bloody_makhleb, old_standard_altar, yredelemnul_altar_generic,
          first_ration, uniq_natasha, uniq_terence, uniq_jessica
D:4:      minmay_goblin_kobold_castle, overflow_temple_1_default,
          nicolae_ashenzari_panopticon, minmay_temple_entry_poolview,
          minmay_misc_feat_iff, grunt_dithmenos_shadows

Skill      XL: |  1  2  3  4  5  6 |
---------------+-------------------+-----
Throwing       | 2 3 |  3.5
Fighting       | 2 3 |  3.2
Dodging        | 3 |  3.8
Unarmed Combat | 4 |  4.5

Action                   |  1- 3 |  4- 6 || total
-------------------------+-------+-------++-------
Melee: Unarmed           |    96 |   114 ||   210
       Punch             |       |     1 ||     1
Throw: Stone             |       |    15 ||    15
  Use: Scroll            |       |     8 ||     8
       Potion            |       |     1 ||     1
  Eat: Chunk             |    14 |    11 ||    25
Armor: Robe              |    52 |    38 ||    90
Dodge: Dodged            |    62 |    57 ||   119

Table legend:
 A = Spawn XP
 B = Non-spawn XP
 C = Spawn XP percentage of total XP
 D = Spawn monster count
 E = Non-spawn monster count
 F = Spawn count percentage of total count
 G = Total turns spent on level
                    A         B        C        D         E        F      G
               +---------+---------+-------+---------+---------+-------+---------
         Total |       0 |     624 |   0.0 |       0 |      75 |   0.0 |  2100
               +---------+---------+-------+---------+---------+-------+---------
           D:1 |       0 |      40 |   0.0 |       0 |      21 |   0.0 |   676
           D:2 |       0 |     310 |   0.0 |       0 |      29 |   0.0 |   683
           D:3 |       0 |     274 |   0.0 |       0 |      25 |   0.0 |   717
               +---------+---------+-------+---------+---------+-------+---------
